 Dungeon Crawl Stone Soup version 0.28-a0-410-gbef64dd269 (webtiles) character file.

Game seed: 4304351955500071797

592 rogsnak the Chiller (level 7, -6/48 HPs)
             Began as a Barachi Ice Elementalist on Sept 6, 2021.
             Was an Initiate of Ru.
             Killed from afar by a white imp (9 damage)
             ... with a puff of frost
             ... summoned by Eustachio
             ... on level 4 of the Dungeon.
             The game lasted 00:10:10 (4652 turns).

rogsnak the Chiller (Barachi Ice Elementalist)      Turns: 4652, Time: 00:10:11

Health: -6/48      AC:  3    Str: 16    XL:     7   Next: 39%
Magic:  11/14      EV: 12    Int: 17    God:    Ru [......]
Gold:   131        SH:  0    Dex: 12    Spells: 8/16 levels left

rFire   . . .      SeeInvis .   w - +5 dagger (protect)
rCold   . . .      Faith    .   (no shield)
rNeg    . . .      Spirit   .   a - +0 robe
rPois   .          Reflect  .   (no helmet)
rElec   .          Harm     .   (no cloak)
rCorr   .          Rampage  .   e - +0 pair of gloves
Will    .....                   (no boots)
Stlth   ++........              (no amulet)
HPRegen 0.16/turn               b - +6 ring of strength
MPRegen 0.14/turn               (no ring)

@: slow
A: amphibious, slowness 1, strong legs 1, +LOS
a: Hop, Renounce Religion


You were on level 4 of the Dungeon.
You worshipped Ru.
Ru was noncommittal.
You visited 1 branch of the dungeon, and saw 4 of its levels.

You collected 131 gold pieces.

Inventory:

Hand Weapons
 c - a +0 mace
 j - a +0 trident
 w - a +5 dagger of protection (weapon)
 y - the +8 Wrath of Trog {antimagic, *Rage Rampage}
   (You found it on level 4 of the Dungeon)

   It reduces the magical energy of the wielder, and disrupts the spells and
   magical abilities of those it strikes.
   Natural abilities and divine invocations are not affected.
   It causes slowness and exhaustion when equipped.
   It extends the wielder's berserk rage when killing foes.
   *Rage:     It may make you go berserk in combat.
   Rampage:   It bestows one free step when moving towards enemies.
Armour
 a - a +0 robe (worn)
 e - a +0 pair of gloves (worn)
 o - a +0 helmet
 x - a +3 leather armour of willpower
Magical Staves
 q - a staff of fire
Jewellery
 b - a +6 ring of strength (left hand)
 f - a ring of protection from fire
Wands
 v - a wand of flame (15)
Scrolls
 g - 6 scrolls of teleportation {unknown}
 i - a scroll of torment {unknown}
 k - a scroll of identify {unknown}
 l - a scroll of noise {unknown}
 p - a scroll of amnesia {unknown}
 r - a scroll of enchant weapon {unknown}
 t - 2 scrolls of magic mapping {unknown}
 u - a scroll of acquirement {unknown}
Potions
 d - a potion of ambrosia {unknown}
 h - a potion of attraction {unknown}
 m - 2 potions of curing {unknown}
 n - a potion of heal wounds {unknown}
 s - a potion of lignification {unknown}


   Skills:
 + Level 1.6 Fighting
 + Level 3.0 Dodging
 - Level 2.0 Stealth
 + Level 5.1 Spellcasting
 * Level 2.8 Conjurations
 + Level 7.4 Ice Magic


You had 8 spell levels left.
You knew the following spells:

 Your Spells              Type           Power      Damage    Failure   Level
a - Freeze                Ice            100%       1d11      1%          1
b - Ozocubu's Armour      Ice            29%        N/A       1%          3
c - Hailstorm             Conj/Ice       21%        3d6       17%         4

Your spell library contained the following spells:

 Spells                   Type           Power      Damage    Failure   Level
 Frozen Ramparts          Ice            58%        1d7       1%          3
 Ensorcelled Hibernation  Hex/Ice        32%        N/A       4%          2
 Beastly Appendage        Tmut           8%         N/A       14%         1
 Wereblood                Tmut           4%         N/A       22%         2
 Spider Form              Tmut/Pois      2%         N/A       38%         3


Dungeon Overview and Level Annotations

Branches:
Dungeon (4/15)
 Temple: D:4-7

Altars:
Elyvilon
Gozag
Qazlal
Ru
Xom
Yredelemnul

Annotations:
D:4 2 runed translucent doors, Eustachio


Innate Abilities, Weirdness & Mutations

You are amphibious.
You cover ground slowly.
You can hop short distances.
You have an extended range of vision and can be seen from far away.


Message History

You freeze the rat!
You kill the rat!
The rat's corpse disappears in a puff of smoke!
You are ready to hop once more.
Unknown command.
Things that are here:
a +0 giant club; an ogre corpse Eustachio casts a spell.
Eustachio blinks!
You start resting.
Eustachio is nearby!
Eustachio mumbles some strange words.
There are monsters nearby!
Eustachio gestures wildly while chanting.
Eustachio blinks!
Eustachio mumbles some strange words.
Eustachio gestures wildly while chanting.
Okay, then.
Eustachio gestures wildly while chanting.
You hit the white imp but do no damage.
Your weapon exudes an aura of protection.
The ufetubus misses you. The ufetubus hits you.
The white imp hits you but does no damage.
You barely miss the white imp. The ufetubus closely misses you. x2
The white imp hits you. The white imp freezes you.
The ufetubus closely misses you.
The ufetubus hits you but does no damage.
Eustachio casts a spell.
The white imp lashes its tail.
The white imp gestures at you. The puff of frost hits you!
* * * LOW HITPOINT WARNING * * *
The ufetubus hits you.
* * * LOW HITPOINT WARNING * * *
The ufetubus barely misses you.
Unknown command.
You closely miss the white imp. The white imp gestures at you.
The puff of frost hits you!
You die...

#........................
#.......r5@.8............
#......r≈≈r.8._..........
#.......≈≈..8r...........
#.......≈≈5.8888.........
#.......≈≈...............
#.......≈≈)...)..........
#.......5≈≈≈≈≈≈..........
#######.......@≈≈≈≈≈≈..........
#..............................
#.####.........................
#. ##..#.......................
#.##(##.##.....................
##.#.##.⌠.##.........#..###..###
#...####.####...........).......
#...#.###.#.#...........######..
#..#.⌠.###.♣.#..........# ##.


You could see Eustachio, a quasit (summoned), a river rat (summoned), a white
imp (summoned), an ufetubus (summoned), a quokka (summoned) and 2 rats.

Vanquished Creatures
  Edmund (D:4)
  A sky beast (D:4)
  2 ogres (D:4)
  Ijyb (D:4)
  An iguana (D:4)
  3 gnolls (D:3)
  6 adders
  A worm (D:2)
  4 dart slugs
  4 bats (D:2)
  5 endoplasms
  3 giant cockroaches
  6 goblins
  3 hobgoblins
  6 jackals
  3 quokkas
  4 ball pythons
  2 frilled lizards
  9 kobolds
  7 rats
  A spectral hobgoblin (D:1)
73 creatures vanquished.

Vanquished Creatures (others)
  36 plants (D:3)
36 creatures vanquished.

Grand Total: 109 creatures vanquished

Notes
Turn   | Place    | Note
-------+----------+-------------------------------------------
     0 | D:1      | rogsnak the Barachi Ice Elementalist began the quest for
                  | the Orb.
     0 | D:1      | Reached XP level 1. HP: 13/13 MP: 3/3
    60 | D:1      | Reached skill level 5 in Ice Magic
   371 | D:1      | Reached XP level 2. HP: 19/19 MP: 3/5
  1054 | D:1      | Found a faded altar of an unknown god.
  1084 | D:1      | Reached XP level 3. HP: 19/24 MP: 4/6
  1338 | D:1      | Learned a level 3 spell: Ozocubu's Armour
  1994 | D:2      | Found a stormy altar of Qazlal.
  2386 | D:3      | Reached XP level 4. HP: 25/31 MP: 4/8
  2387 | D:3      | Reached skill level 1 in Fighting
  2614 | D:3      | Found a white marble altar of Elyvilon.
  2877 | D:3      | Found a stormy altar of Qazlal.
  3026 | D:3      | Found a shadowy altar of Dithmenos.
  3028 | D:3      | Found an ancient bone altar of Kikubaaqudgha.
  3028 | D:3      | Found an opulent altar of Gozag.
  3029 | D:3      | Found a shimmering altar of Xom.
  3029 | D:3      | Found a shimmering altar of Xom.
  3029 | D:3      | Found a basalt altar of Yredelemnul.
  3162 | D:3      | Reached skill level 6 in Ice Magic
  3165 | D:3      | Reached XP level 5. HP: 25/37 MP: 4/10
  3411 | D:3      | Found a sacrificial altar of Ru.
  3414 | D:3      | Became a worshipper of Ru the Awakened
  3530 | D:4      | Learned a level 4 spell: Hailstorm
  3538 | D:4      | Noticed an ogre
  3552 | D:4      | Killed an ogre
  3553 | D:4      | Reached skill level 1 in Conjurations
  3851 | D:4      | Noticed Ijyb
  3851 | D:4      | Noticed Edmund
  3980 | D:4      | Killed Ijyb
  3981 | D:4      | Reached XP level 6. HP: 29/43 MP: 4/12
  4123 | D:4      | Found a large runed translucent door.
  4124 | D:4      | Found a large runed translucent door.
  4136 | D:4      | Found a basalt altar of Yredelemnul.
  4147 | D:4      | Killed Edmund
  4181 | D:4      | Noticed a sky beast
  4209 | D:4      | Killed a sky beast
  4210 | D:4      | Reached skill level 7 in Ice Magic
  4210 | D:4      | Reached XP level 7. HP: 18/48 MP: 2/14
  4479 | D:4      | Found the +8 Wrath of Trog {antimagic, *Rage Rampage}
  4595 | D:4      | Noticed Eustachio
  4626 | D:4      | Reached skill level 5 in Spellcasting
  4652 | D:4      | Killed from afar by a white imp

Illustrated notes

Levels and vault maps discovered:
D:1:      giann_bridges, layout_loops_ring,
          dreamdust_ecumenical_altar_drowned_temple
D:2:      layout_basic, serial_glass, glass_columns_c, glass_columns_b,
          basic_altar
D:3:      layout_basic, doesnt_xom_only_xom, general_overflow_altar,
          mainiacjoe_overflow_swirl, serial_bayou, serial_bayou_lagoon_a,
          serial_bayou_lake_a, serial_bayou_shore_b, serial_bayou_shore_b
D:4:      layout_basic, mainiacjoe_overflow_chevrons, jmf_multi_god_temple2,
          grunt_decor_mini_mirrors, uniq_edmund, uniq_eustachio, uniq_ijyb

Skill      XL: |  1  2  3  4  5  6  7 |
---------------+----------------------+-----
Ice Magic      | 5 6 7 |  7.4
Stealth        | 2 |  2.0
Spellcasting   | 3 4 5 |  5.1
Fighting       | 1 |  1.6
Conjurations   | 1 2 |  2.8
Dodging        | 3 |  3.0

Action                   |  1- 3 |  4- 6 |  7- 9 || total
-------------------------+-------+-------+-------++-------
Melee: Mace              |    66 |       |       ||    66
       Trident           |       |    39 |       ||    39
       Dagger            |       |     3 |     8 ||    11
 Cast: Freeze            |    36 |    55 |    14 ||   105
       Ozocubu's Armour  |       |     2 |       ||     2
 Abil: Hop               |       |       |     1 ||     1
 Stab: Sleeping          |     7 |     2 |       ||     9
Armor: Robe              |    27 |    14 |     5 ||    46
Dodge: Dodged            |    46 |    50 |    15 ||   111

Table legend: (Time is in decaauts)
 A = Elapsed time spent in this place.
 B = Non-inter-level travel time spent in this place.
 C = Inter-level travel time spent in this place.
 D = Time resting spent in this place.
 E = Time spent auto-exploring this place.
 F = Levels seen in this place.
 G = Mean time per level.
                   A        B        C        D        E       F      G
               +--------+--------+--------+--------+--------+-----+--------+
         Total |   5121 |   5051 |     70 |   1313 |   2720 |   4 | 1280.2 |
       Dungeon |   5121 |   5051 |     70 |   1313 |   2720 |   4 | 1280.2 |
               +--------+--------+--------+--------+--------+-----+--------+

Top non-repeatable levels by time:
     D:1: 1535 daAuts
     D:3: 1348 daAuts
     D:4: 1139 daAuts
     D:2: 1099 daAuts
